 Dungeon Crawl Stone Soup version 0.15-a0-462-gf669498 (webtiles) character file.

127 Infinimo the Ruffian (level 4, -4/35 HPs)
             Began as a Draconian Transmuter on May 7, 2014.
             Slain by Grinder (5 damage)
             ... while paralysed by Grinder
             ... on Level 3 of the Dungeon.
             The game lasted 00:02:59 (1939 turns).

Infinimo the Ruffian (Draconian Transmuter)         Turns: 1939, Time: 00:02:59

HP  -4/35        AC  5     Str 12      XL: 4   Next: 19%
MP  16/16        EV  2     Int 15      God:
Gold 46          SH  0     Dex 11      Spells:  1 memorised,  6 levels left

rFire  + . .     SeeInvis .       - Unarmed
rCold  + . .     Clarity  .     (armour unavailable)
rNeg   . . .     Conserve .     (no shield)
rPois  +         rCorr    .     (helmet restricted)
rElec  +         rRot     .     (no cloak)
SustAb . .       Spirit   .     (no gloves)
rMut   .         Warding  .     (boots unavailable)
Saprov . . .     Stasis   .     (no amulet)
MR     .....                    f - ring of flight
                                i - ring of magical power

@: appendage, paralysed, very slightly contaminated, hasted, not resistant to
hostile enchantments, very unstealthy
A: unfitting armour, talons 3, AC +5
a: End Transformation, Evoke Flight


You were on level 3 of the Dungeon.
You were hungry.
You had grown temporary talons.
You visited 1 branch of the dungeon, and saw 3 of its levels.

You collected 46 gold pieces.

Inventory:

Missiles
 b - 12 arrows
Comestibles
 a - a bread ration
 g - an apple
 k - a pear
 o - a choko
Scrolls
 h - 6 scrolls of identify
 j - a scroll of teleportation {unknown}
 l - a scroll of fog {unknown}
 n - a scroll of remove curse {unknown}
Jewellery
 f - a ring of flight (right hand)
 i - a ring of magical power (left hand)
Potions
 c - a potion of haste
Books
 d - a book of Changes

   Spells                             Type                      Level
   *Beastly Appendage                 Transmutation                1
   Sticks to Snakes                   Transmutation                2
   Spider Form                        Transmutation/Poison         3
   Ice Form                           Ice/Transmutation            4
   Blade Hands                        Transmutation                5


   Skills:
 - Level 1.1 Fighting
 - Level 1.7 Dodging
 * Level 4.6 Unarmed Combat
 - Level 2.0 Spellcasting
 + Level 2.8 Transmutations


You had 6 spell levels left.
You knew the following spells:

 Your Spells              Type           Power        Failure   Level  Hunger
a - Beastly Appendage     Trmt           ##....       10%         1    #......


Dungeon Overview and Level Annotations

Branches:
Dungeon (3/15)

Altars:

Annotations:
D:3 Grinder


Innate Abilities, Weirdness & Mutations

Your plain brown scales are hard (AC +5).
Your body does not fit into most forms of armour.
Your cold-blooded metabolism reacts poorly to cold.
You have claws for feet.


Message History

You feel yourself speed up.
It was a potion of haste.
You are very lightly contaminated with residual magic.
Drink which item? (? for menu, Esc to quit)
You feel protected.
It was a potion of resistance.
Grinder gestures at you.
You suddenly lose the ability to move!
Grinder hits you.
* * * LOW HITPOINT WARNING * * *
You writhe in agony.
* * * LOW HITPOINT WARNING * * *
A kobold comes into view.
Grinder gestures at you. You resist.
The kobold shouts!
Grinder barely misses you. Grinder hits you.
* * * LOW HITPOINT WARNING * * *
You writhe in agony.
You die...

#..........##.#
#..........##>#
#..).......##.#
#.........)##.#
#..........##.#####
#.........%'......#
#..........##.###.#
############%# #@#
#5# #.# #.. #..
#..# #..# #.K# #..


You could see Grinder and a kobold.

Vanquished Creatures
  2 adders
  2 worms (D:2)
  3 giant geckos
  4 orcs (D:3)
  A ball python (D:2)
  3 giant cockroaches
  5 goblins
  2 hobgoblins
  5 jackals (D:2)
  4 kobolds
  7 bats
  5 giant newts
  6 rats
49 creatures vanquished.

Notes
Turn   | Place    | Note
--------------------------------------------------------------
     0 | D:1      | Infinimo, the Draconian Transmuter, began the quest for the Orb.
     0 | D:1      | Reached XP level 1. HP: 16/16 MP: 3/3
   325 | D:1      | Reached XP level 2. HP: 20/23 MP: 4/4
   932 | D:2      | Reached XP level 3. HP: 28/28 MP: 6/6
   982 | D:2      | Reached skill level 4 in Unarmed Combat
  1857 | D:3      | Reached XP level 4. HP: 35/35 MP: 7/7
  1922 | D:3      | Noticed Grinder
  1928 | D:3      | Paralysed by Grinder for 2 turns
  1935 | D:3      | Paralysed by Grinder for 7 turns
  1939 | D:3      | HP: 1/35 [Grinder (5)]
  1939 | D:3      | Slain by Grinder

Action                   |  1- 3 |  4- 6 || total
-------------------------+-------+-------++-------
Melee: Unarmed           |   189 |    22 ||   211
 Cast: Beastly Appendage |     2 |     1 ||     3
  Use: Scroll            |     1 |       ||     1
       Potion            |       |     2 ||     2
